BSA
NEW ORLEANS LOOTERS @ BAFFIN ISLAND BEAVERS
04/20/2025
 
TOP OF THE 1ST
New Orleans Looters batting - Pitching for Baffin Island Beavers : LHP Jaime Guzmán
Pitching: LHP Jaime Guzmán
Batting: RHB Francisco Ibarra 0-0: Ball
1-0: Ball
2-0: Ball
3-0: Called Strike
3-1: Foul Ball, location: 2F
3-2: Ground out 4-3 (Groundball, 4)
Batting: RHB Dave O'Loan 0-0: Ball
1-0: Ground out U3 (Groundball, 3S)
Batting: RHB Stephen Shaw 0-0: Called Strike
0-1: Ball
1-1: Ball
2-1: Ground out 5-3 (Groundball, 5)
Top of the 1st over - 0 run(s), 0 hit(s), 0 error(s), 0 left on base; New Orleans 0 - Baffin Island 0
BOTTOM OF THE 1ST
Baffin Island Beavers batting - Pitching for New Orleans Looters : RHP Edward Baker
Pitching: RHP Edward Baker
Batting: LHB Chris Bates 0-0: Called Strike
0-1: Ball
1-1: Foul Ball, location: 2F
1-2: Ball
2-2: Ground out U3 (Groundball, 3L)
Batting: LHB Jeff Cole 0-0: Called Strike
0-1: Called Strike
0-2: SINGLE (Groundball, 4MD)
Batting: SHB Alonso Ferreira 0-0: Fielders Choice at 2nd, 4-6 (Groundball, 4)
Batting: RHB Tony Morton 0-0: Swinging Strike
0-1: Called Strike
0-2: Foul Ball, location: 2F
0-2: Foul Ball, location: 2F
0-2: Strikes out swinging
Bottom of the 1st over - 0 run(s), 1 hit(s), 0 error(s), 1 left on base; New Orleans 0 - Baffin Island 0
TOP OF THE 2ND
New Orleans Looters batting - Pitching for Baffin Island Beavers : LHP Jaime Guzmán
Batting: RHB Jimmy Simon 0-0: Ground out 4-3 (Groundball, 34)
Batting: RHB Luis Alou 0-0: Ball
1-0: Ball
2-0: Ball
3-0: Base on Balls
Batting: LHB Justino Salas 0-0: Ball
1-0: Ball
2-0: Called Strike
2-1: Foul Ball, location: 2F
2-2: Ball
3-2: Strikes out swinging
Batting: RHB Gustavo Ortíz 0-0: Ball
1-0: Swinging Strike
1-1: Ball
2-1: Ball
3-1: Ground out U3 (Groundball, 3)
Top of the 2nd over - 0 run(s), 0 hit(s), 0 error(s), 1 left on base; New Orleans 0 - Baffin Island 0
BOTTOM OF THE 2ND
Baffin Island Beavers batting - Pitching for New Orleans Looters : RHP Edward Baker
Batting: LHB Lorenzo Villa 0-0: Ground out 4-3 (Groundball, 34D)
Batting: LHB Mario García 0-0: Swinging Strike
0-1: Called Strike
0-2: Ball
1-2: Ball
2-2: Strikes out swinging
Batting: LHB Keng-chi Lao 0-0: Ball
1-0: Called Strike
1-1: Ball
2-1: Foul Ball, location: 2F
2-2: Foul Ball, location: 2F
2-2: Foul Ball, location: 2F
2-2: Fly out, F6 (Popup, 56D)
Bottom of the 2nd over - 0 run(s), 0 hit(s), 0 error(s), 0 left on base; New Orleans 0 - Baffin Island 0
TOP OF THE 3RD
New Orleans Looters batting - Pitching for Baffin Island Beavers : LHP Jaime Guzmán
Batting: RHB Dominic Turner 0-0: Ball
1-0: Ground out 4-3 (Groundball, 4M)
Batting: LHB José Esparza 0-0: Called Strike
0-1: Foul Ball, location: 2F
0-2: SINGLE (Groundball, 2R) (infield hit)
Batting: RHB Francisco Ibarra 0-0: Ball
1-0: Fielders Choice at 2nd, 5-4 (Groundball, 56)
Batting: RHB Dave O'Loan 0-0: Ball
1-0: Called Strike
1-1: SINGLE (Groundball, 6MD)
Francisco Ibarra to second
Batting: RHB Stephen Shaw 0-0: Ball
1-0: Called Strike
1-1: Fielders Choice at 2nd, 5-4 (Groundball, 5)
Top of the 3rd over - 0 run(s), 2 hit(s), 0 error(s), 1 left on base; New Orleans 0 - Baffin Island 0
BOTTOM OF THE 3RD
Baffin Island Beavers batting - Pitching for New Orleans Looters : RHP Edward Baker
Batting: RHB Dave Craig 0-0: Swinging Strike
0-1: Ball
1-1: Foul Ball, location: 2F
1-2: Strikes out swinging
Batting: LHB Victor Howard 0-0: Fly out, F6 (Popup, 6D)
Batting: LHB Chris Bates 0-0: Fly out, F6 (Popup, 6D)
Bottom of the 3rd over - 0 run(s), 0 hit(s), 0 error(s), 0 left on base; New Orleans 0 - Baffin Island 0
TOP OF THE 4TH
New Orleans Looters batting - Pitching for Baffin Island Beavers : LHP Jaime Guzmán
Batting: RHB Jimmy Simon 0-0: Fly out, F7 (Flyball, 7M)
Batting: RHB Luis Alou 0-0: Ball
1-0: Called Strike
1-1: Swinging Strike
1-2: Foul Ball, location: 2F
1-2: Ball
2-2: Strikes out swinging
Batting: LHB Justino Salas 0-0: Called Strike
0-1: Ball
1-1: Foul Ball, location: 2F
1-2: Ball
2-2: Ball
3-2: Fly out, F7 (Flyball, 78M)
Top of the 4th over - 0 run(s), 0 hit(s), 0 error(s), 0 left on base; New Orleans 0 - Baffin Island 0
BOTTOM OF THE 4TH
Baffin Island Beavers batting - Pitching for New Orleans Looters : RHP Edward Baker
Batting: LHB Jeff Cole 0-0: Foul Ball, location: 2F
0-1: Ball
1-1: Ball
2-1: Called Strike
2-2: Ball
3-2: Fly out, F8 (Flyball, 8LM)
Batting: SHB Alonso Ferreira 0-0: Called Strike
0-1: Ground out U3 (Groundball, 3S)
Batting: RHB Tony Morton 0-0: Foul Ball, location: 2F
0-1: Ball
1-1: Ball
2-1: Swinging Strike
2-2: Foul Ball, location: 2F
2-2: Strikes out looking
Bottom of the 4th over - 0 run(s), 0 hit(s), 0 error(s), 0 left on base; New Orleans 0 - Baffin Island 0
TOP OF THE 5TH
New Orleans Looters batting - Pitching for Baffin Island Beavers : LHP Jaime Guzmán
Batting: RHB Gustavo Ortíz 0-0: Ground out 4-3 (Groundball, 4M)
Batting: RHB Dominic Turner 0-0: Swinging Strike
0-1: Foul Ball, location: 2F
0-2: Ground out 3-1 (Groundball, 3)
Batting: LHB José Esparza 0-0: Ball
1-0: Ball
2-0: Ball
3-0: Called Strike
3-1: Base on Balls
Batting: RHB Francisco Ibarra 0-0: Ball
1-0: Called Strike
1-1: Foul Ball, location: 2F
1-2: Ball
2-2: Ball
3-2: Base on Balls
José Esparza to second
Batting: RHB Dave O'Loan 0-0: Ball
1-0: Ball
2-0: Called Strike
2-1: Ball
3-1: Called Strike
3-2: Ground out 1-3 (Groundball, 15S)
Top of the 5th over - 0 run(s), 0 hit(s), 0 error(s), 2 left on base; New Orleans 0 - Baffin Island 0
BOTTOM OF THE 5TH
Baffin Island Beavers batting - Pitching for New Orleans Looters : RHP Edward Baker
Batting: LHB Lorenzo Villa 0-0: Ball
1-0: Foul Ball, location: 2F
1-1: Fly out, F3 (Popup, 3SF)
Batting: LHB Mario García 0-0: Swinging Strike
0-1: Swinging Strike
0-2: Strikes out swinging
Batting: LHB Keng-chi Lao 0-0: Called Strike
0-1: Foul Ball, location: 2F
0-2: Ball
1-2: Ground out 3-1 (Groundball, 34)
Bottom of the 5th over - 0 run(s), 0 hit(s), 0 error(s), 0 left on base; New Orleans 0 - Baffin Island 0
TOP OF THE 6TH
New Orleans Looters batting - Pitching for Baffin Island Beavers : LHP Jaime Guzmán
Batting: RHB Stephen Shaw 0-0: Called Strike
0-1: Ball
1-1: Ball
2-1: Foul Ball, location: 2F
2-2: Ground out 4-3 (Groundball, 13)
Batting: RHB Jimmy Simon 0-0: Foul Ball, location: 2F
0-1: Ball
1-1: Ball
2-1: Ground out 4-3 (Groundball, 34)
Batting: RHB Luis Alou 0-0: Ball
1-0: Swinging Strike
1-1: Swinging Strike
1-2: Ball
2-2: Ball
3-2: Ground out 6-3 (Groundball, 56)
Top of the 6th over - 0 run(s), 0 hit(s), 0 error(s), 0 left on base; New Orleans 0 - Baffin Island 0
BOTTOM OF THE 6TH
Baffin Island Beavers batting - Pitching for New Orleans Looters : RHP Edward Baker
Batting: RHB Dave Craig 0-0: Called Strike
0-1: Ground out 6-3 (Groundball, 6M)
Batting: LHB Victor Howard 0-0: Called Strike
0-1: Foul Ball, location: 2F
0-2: Ball
1-2: Strikes out swinging
Batting: LHB Chris Bates 0-0: Called Strike
0-1: Fly out, F9 (Line Drive, 9M)
Bottom of the 6th over - 0 run(s), 0 hit(s), 0 error(s), 0 left on base; New Orleans 0 - Baffin Island 0
TOP OF THE 7TH
New Orleans Looters batting - Pitching for Baffin Island Beavers : LHP Jaime Guzmán
Batting: LHB Justino Salas 0-0: Called Strike
0-1: Called Strike
0-2: Foul Ball, location: 2F
0-2: Strikes out swinging
Batting: RHB Gustavo Ortíz 0-0: Called Strike
0-1: Ball
1-1: Foul Ball, location: 2F
1-2: Ground out 6-3 (Groundball, 6M)
Batting: RHB Dominic Turner 0-0: Foul Ball, location: 2F
0-1: Ground out 4-3 (Groundball, 4M)
Top of the 7th over - 0 run(s), 0 hit(s), 0 error(s), 0 left on base; New Orleans 0 - Baffin Island 0
BOTTOM OF THE 7TH
Baffin Island Beavers batting - Pitching for New Orleans Looters : RHP Edward Baker
Batting: LHB Jeff Cole 0-0: Called Strike
0-1: Ball
1-1: Ball
2-1: Ball
3-1: Base on Balls
Batting: SHB Alonso Ferreira 0-0: Ball
1-0: Ball
2-0: Foul Ball, location: 2F
2-1: Foul Ball, location: 2F
2-2: Ball
3-2: Fly out, F2 (Popup, 25F)
Batting: RHB Tony Morton 0-0: Called Strike
0-1: Ball
1-1: Ground out 4-3 (Groundball, 4M)
Jeff Cole to second
Batting: LHB Lorenzo Villa 0-0: Called Strike
0-1: Ball
1-1: Ball
2-1: Foul Ball, location: 2F
2-2: Strikes out swinging
Bottom of the 7th over - 0 run(s), 0 hit(s), 0 error(s), 1 left on base; New Orleans 0 - Baffin Island 0
TOP OF THE 8TH
New Orleans Looters batting - Pitching for Baffin Island Beavers : LHP Jaime Guzmán
Pitching: RHP Bartolo García
Pinch Hitting: LHB Lorenzo Quintanilla 0-0: Ball
1-0: Ball
2-0: Called Strike
2-1: Swinging Strike
2-2: Strikes out swinging
Batting: RHB Francisco Ibarra 0-0: Ball
1-0: Ball
2-0: Called Strike
2-1: Foul Ball, location: 2F
2-2: Strikes out looking
Batting: RHB Dave O'Loan 0-0: Called Strike
0-1: Fly out, F6 (Line Drive, 6)
Top of the 8th over - 0 run(s), 0 hit(s), 0 error(s), 0 left on base; New Orleans 0 - Baffin Island 0
BOTTOM OF THE 8TH
Baffin Island Beavers batting - Pitching for New Orleans Looters : RHP Edward Baker
Now in LF: Lorenzo Quintanilla
Batting: LHB Mario García 0-0: Ball
1-0: Ball
2-0: Ball
3-0: Called Strike
3-1: Foul Ball, location: 2F
3-2: Strikes out swinging
Batting: LHB Keng-chi Lao 0-0: Called Strike
0-1: Ground out 6-3 (Groundball, 6)
Batting: RHB Dave Craig 0-0: Ball
1-0: Fly out, F8 (Flyball, 8RD)
Bottom of the 8th over - 0 run(s), 0 hit(s), 0 error(s), 0 left on base; New Orleans 0 - Baffin Island 0
TOP OF THE 9TH
New Orleans Looters batting - Pitching for Baffin Island Beavers : RHP Bartolo García
Pitching: LHP Manny Sandoval
Batting: RHB Stephen Shaw 0-0: Ball
1-0: Called Strike
1-1: Ball
2-1: Ball
3-1: Base on Balls
Batting: RHB Jimmy Simon 0-0: Called Strike
0-1: Swinging Strike
0-2: Ball
1-2: Strikes out swinging
Batting: RHB Luis Alou 0-0: Ball
1-0: Called Strike
1-1: Ball
2-1: Fly out, F8 (Flyball, 8LD)
Batting: LHB Justino Salas 0-0: Ball
1-0: Ball
2-0: Ball
3-0: Base on Balls
Stephen Shaw to second
Pinch Hitting: SHB Oliver Deleón 0-0: Ball
1-0: Called Strike
1-1: Swinging Strike
1-2: Strikes out swinging
Top of the 9th over - 0 run(s), 0 hit(s), 0 error(s), 2 left on base; New Orleans 0 - Baffin Island 0
BOTTOM OF THE 9TH
Baffin Island Beavers batting - Pitching for New Orleans Looters : RHP Edward Baker
Now at 1B: Oliver Deleón
Batting: LHB Victor Howard 0-0: Called Strike
0-1: Called Strike
0-2: Strikes out swinging
Batting: LHB Chris Bates 0-0: Ball
1-0: DOUBLE (Groundball, 5L)
Batting: LHB Jeff Cole 0-0: Ball
1-0: Ground out 6-3 (Groundball, 6M)
Chris Bates to third
Batting: SHB Alonso Ferreira 0-0: Ball
1-0: Ball
2-0: Fly out, F8 (Flyball, 8LXD)
Bottom of the 9th over - 0 run(s), 1 hit(s), 0 error(s), 1 left on base; New Orleans 0 - Baffin Island 0
TOP OF THE 10TH
New Orleans Looters batting - Pitching for Baffin Island Beavers : LHP Manny Sandoval
Batting: RHB Dominic Turner 0-0: Swinging Strike
0-1: Foul Ball, location: 2F
0-2: Foul Ball, location: 2F
0-2: Ball
1-2: Strikes out swinging
Batting: LHB Lorenzo Quintanilla 0-0: Ground out 4-3 (Groundball, 4)
Batting: RHB Ángel Castaneda 0-0: Ball
1-0: Swinging Strike
1-1: Foul Ball, location: 2F
1-2: Strikes out swinging
Top of the 10th over - 0 run(s), 0 hit(s), 0 error(s), 0 left on base; New Orleans 0 - Baffin Island 0
BOTTOM OF THE 10TH
Baffin Island Beavers batting - Pitching for New Orleans Looters : RHP Edward Baker
Now in CF: Ángel Castaneda
Batting: RHB Tony Morton 0-0: Ball
1-0: Foul Ball, location: 2F
1-1: Ground out 6-3 (Groundball, 6)
Pitching: LHP Juan Méndez
Pinch Hitting: RHB José García 0-0: Called Strike
0-1: Foul Ball, location: 2F
0-2: Ball
1-2: Ball
2-2: Ground out 6-3 (Groundball, 6M)
Batting: LHB Mario García 0-0: Called Strike
0-1: Ball
1-1: Swinging Strike
1-2: SINGLE (Groundball, 34)
Pinch Hitting: RHB Mario López 0-0: Called Strike
Throwing error on steal attempt, E2
Mario García to third
0-1: Ground out 5-3 (Groundball, 56S)
Bottom of the 10th over - 0 run(s), 1 hit(s), 1 error(s), 1 left on base; New Orleans 0 - Baffin Island 0
TOP OF THE 11TH
New Orleans Looters batting - Pitching for Baffin Island Beavers : LHP Manny Sandoval
Pitching: LHP Manuel Parra
Now at 1B: José García
Now at 2B: Mario López
Batting: RHB Dave O'Loan 0-0: Called Strike
0-1: Ground out 4-3 (Groundball, 4)
Batting: RHB Stephen Shaw 0-0: Called Strike
0-1: Foul Ball, location: 2F
0-2: Foul Ball, location: 2F
0-2: Foul Ball, location: 2F
0-2: Foul Ball, location: 2F
0-2: Ball
1-2: Fly out, F4 (Popup, 4D)
Batting: RHB Jimmy Simon 0-0: Foul Ball, location: 2F
0-1: Called Strike
0-2: Strikes out looking
Top of the 11th over - 0 run(s), 0 hit(s), 0 error(s), 0 left on base; New Orleans 0 - Baffin Island 0
BOTTOM OF THE 11TH
Baffin Island Beavers batting - Pitching for New Orleans Looters : LHP Juan Méndez
Batting: RHB Dave Craig 0-0: Ball
1-0: Called Strike
1-1: Swinging Strike
1-2: Strikes out swinging
Pinch Hitting: RHB Bryan Sandstrom 0-0: Called Strike
0-1: Ball
1-1: Foul Ball, location: 2F
1-2: Foul Ball, location: 2F
1-2: Strikes out swinging
Batting: LHB Chris Bates 0-0: Ball
1-0: Ball
2-0: Ball
3-0: Called Strike
3-1: Base on Balls
Batting: LHB Jeff Cole 0-0: Called Strike
0-1: Called Strike
0-2: Ball
1-2: Ball
2-2: Strikes out swinging
Bottom of the 11th over - 0 run(s), 0 hit(s), 0 error(s), 1 left on base; New Orleans 0 - Baffin Island 0
TOP OF THE 12TH
New Orleans Looters batting - Pitching for Baffin Island Beavers : LHP Manuel Parra
Now at C: Bryan Sandstrom
Batting: RHB Luis Alou 0-0: Swinging Strike
0-1: Foul Ball, location: 2F
0-2: Ball
1-2: Ball
2-2: Foul Ball, location: 2F
2-2: Foul Ball, location: 2F
2-2: Ball
3-2: DOUBLE (Flyball, 8RXD)
Batting: LHB Justino Salas 0-0: Called Strike
0-1: Fly out, F7 (Flyball, 7M)
Batting: SHB Oliver Deleón 0-0: Intentional Walk
Batting: RHB Dominic Turner 0-0: Ball
1-0: Called Strike
1-1: Called Strike
1-2: Strikes out looking
Batting: LHB Lorenzo Quintanilla 0-0: Called Strike
0-1: Swinging Strike
0-2: Strikes out swinging
Top of the 12th over - 0 run(s), 1 hit(s), 0 error(s), 2 left on base; New Orleans 0 - Baffin Island 0
BOTTOM OF THE 12TH
Baffin Island Beavers batting - Pitching for New Orleans Looters : LHP Juan Méndez
Batting: SHB Alonso Ferreira 0-0: Foul Ball, location: 2F
0-1: Fly out, F8 (Flyball, 8RM)
Pitching: LHP Tadao Yoshida
Batting: RHB Tony Morton 0-0: Ball
1-0: Ball
2-0: SINGLE (Groundball, 6MD)
Batting: RHB José García 0-0: Called Strike
0-1: Ball
1-1: Fielders Choice at 2nd, 4-6 (Groundball, 4)
Batting: LHB Mario García 0-0: Ball
1-0: SINGLE (Groundball, 34)
José García to second
Runner from 2nd tries for 3rd, SAFE, no throw or cutoff
Batting: RHB Mario López 0-0: Ball
1-0: Ball
2-0: SINGLE (Line Drive, 4D)
José García scores
This league is powered by Out of the Park Baseball, the baseball management simulation game for PC, Mac and Linux
Tuesday, August 2nd, 2016 - OOTP Baseball 16.8 Build 38